 Dungeon Crawl Stone Soup version 0.29.1 (webtiles) character file.

Game seed: 15072348712043453211

3390 groovy9 the Grappler (level 9, -17/81 HPs)
             Began as a Troll Fighter on Sept 12, 2022.
             Was an Initiate of Wu Jian.
             Demolished by a two-headed ogre
             ... wielding a +0 giant club
              (23 damage)
             ... on level 8 of the Dungeon.
             The game lasted 00:22:25 (6708 turns).

groovy9 the Grappler (Troll Fighter)                Turns: 6708, Time: 00:22:25

Health: -17/81     AC:  4    Str: 23 (26) XL:     9   Next: 74%
Magic:  8/8        EV:  8    Int:  5 (8)  God:    Wu Jian [......]
Gold:   370        SH:  8    Dex:  8 (9)  Spells: 8/8 levels left

rFire   + . .      SeeInvis .     - Unarmed
rCold   + + .      Faith    .   b - +1 kite shield
rNeg    + . .      Spirit   .   a - +0 robe
rPois   .          Reflect  .   (helmet restricted)
rElec   .          Harm     .   g - scarf {rC+ rF+}
rCorr   .          Rampage  .   (gloves unavailable)
Will    .....                   (boots unavailable)
Stlth   +.........              w - amulet of regeneration
HPRegen 1.83/turn               r - ring of protection from cold
MPRegen 0.11/turn               m - ring of positive energy

@: no status effects
A: large, unfitting armour, claws 3, regeneration 1, shaggy fur 1, tough skin 1
a: Renounce Religion


You were on level 8 of the Dungeon.
You worshipped Wu Jian.
Wu Jian was noncommittal.
You visited 2 branches of the dungeon, and saw 9 of its levels.
You also visited: Sewer.

You collected 370 gold pieces.

Inventory:

Missiles
 d - 7 javelins (quivered)
 u - a curare-tipped dart
 z - 16 poisoned darts
Armour
 a - a +0 robe (worn)
 b - a +1 kite shield (worn)
 g - a scarf of resistance (worn)
Jewellery
 m - a ring of positive energy (right claw)
 r - a ring of protection from cold (left claw)
 w - an amulet of regeneration (around neck)
Wands
 c - a wand of polymorph (9)
 h - a wand of digging (6)
 s - a wand of roots (5)
 y - a wand of flame (19)
 B - a wand of quicksilver (9)
 C - a wand of mindburst (13)
Scrolls
 i - 5 scrolls of teleportation
 n - a scroll of identify
 v - a scroll of magic mapping
 A - a scroll of vulnerability
Potions
 e - 4 potions of heal wounds
 f - 4 potions of flight
 j - 5 potions of resistance
 k - 2 potions of berserk rage
 l - a potion of haste
 o - 4 potions of mutation
 p - a potion of cancellation
 q - 2 potions of curing
 t - a potion of might
 x - a potion of magic


   Skills:
 + Level 3.1 Fighting
 + Level 3.0 Dodging
 + Level 3.4 Shields
 * Level 13.3 Unarmed Combat


You had 8 spell levels left.
You didn't know any spells.
Your spell library contained the following spells:

 Spells                   Type           Power      Damage    Failure   Level
 Slow                     Hex            0%         N/A       77%         1
 Poisonous Vapours        Pois/Air       0%         N/A       88%         2
 Confusing Touch          Hex            0%         N/A       98%         3
 Ignite Poison            Fire/Tmut/Pois 0%         N/A       98%         3
 Mephitic Cloud           Conj/Pois/Air  0%         N/A       98%         3
 Vampiric Draining        Necr           0%         2d6       98%         3
 Corpse Rot               Necr/Pois/Air  0%         N/A       100%        4
 Freezing Cloud           Conj/Ice/Air   0%         6-21      100%        5


Dungeon Overview and Level Annotations

Branches:
Dungeon (8/15)             Temple (1/1) D:7           Sewer (visited)
   Lair: D:8-11

Altars:
Ashenzari
Cheibriados
Dithmenos
Elyvilon
Fedhas
Gozag
Hepliaklqana
Kikubaaqudgha
Makhleb
Nemelex Xobeh
Okawaru
Qazlal
Ru
Sif Muna
Trog
Uskayaw
Vehumet
Wu Jian
Xom
Yredelemnul

Shops:
D:2 :   D:3 (


Innate Abilities, Weirdness & Mutations

You are too large for most types of armour.
You have claws for hands.
Your natural rate of healing is unusually fast.
You are covered in fur. (AC +1)
You have tough skin. (AC +1)


Message History

The two-headed ogre is lightly wounded.
An orc wizard comes into view. It is wielding a +0 dagger.
You throw a javelin.
The javelin barely misses the two-headed ogre.
You hear a shout!
You throw a javelin.
The javelin pierces through the two-headed ogre!
The two-headed ogre is moderately wounded.
An orc comes into view. It is wielding a +0 hand axe.
You block the two-headed ogre's attack.
The two-headed ogre completely misses you.
You scratch the two-headed ogre.
The two-headed ogre is moderately wounded.
You claw the two-headed ogre!
The two-headed ogre is severely wounded.
The two-headed ogre hits you with a +0 giant club!!
The two-headed ogre closely misses you.
An orc warrior comes into view. It is wielding a +0 trident.
You are too injured to fight recklessly!
You are too injured to fight recklessly!
You are too injured to fight recklessly!
You are too injured to fight recklessly!
You are too injured to fight recklessly!
You are too injured to fight recklessly!
You are too injured to fight recklessly!
You are too injured to fight recklessly!
You are too injured to fight recklessly!
You scratch the two-headed ogre.
The two-headed ogre is severely wounded.
The two-headed ogre hits you with a +0 giant club!! x2
* * * LOW HITPOINT WARNING * * *
The orc wizard gestures wildly while chanting.
The orc wizard flickers and vanishes!
Deactivating autopickup; reactivate with Ctrl-A.
You barely miss the two-headed ogre.
The two-headed ogre is severely wounded.
You claw the two-headed ogre!
The two-headed ogre is almost dead.
The two-headed ogre hits you with a +0 giant club!!
You die...

###### #....#
#....# ###....#
#.....@#
#....##O....#
#### #....#
.o...#
...########....#
....>#
...............+
>....#
##.########....#
o....# .#.#
###### .((..#
.#.# .##### .#.#


You could see a two-headed ogre, an orc warrior and an orc.

Vanquished Creatures
  Grinder (D:4)
  Sigmund (D:4)
  A steam dragon (D:8)
  A water moccasin (D:6)
  3 ice beasts
  A black bear (D:6)
  The ghost of Daunt the Trooper, an amateur MeBr (D:4)
  2 kobold brigands
  Blork the orc (D:4)
  7 bullfrogs
  2 scorpions
  A necrophage (D:4)
  12 wights
  3 hounds
  2 orc priests
  A jelly (D:8)
  Crazy Yiuf (D:6)
  8 iguanas
  5 orc wizards
  2 gnolls (D:6)
  15 adders
  9 river rats (Sewer)
  2 shadow imps (D:6)
  An ufetubus (D:5)
  A worm (D:4)
  A dart slug (D:3)
  15 orcs
  23 ball pythons
  9 endoplasms
  5 giant cockroaches
  7 goblins
  7 hobgoblins
  6 jackals
  4 quokkas
  4 bats
  6 frilled lizards
  13 kobolds
  27 rats
211 creatures vanquished.

Vanquished Creatures (collateral kills)
  An adder (D:5)
1 creature vanquished.

Vanquished Creatures (others)
  7 fungi (D:6)
  A withered plant (D:5)
8 creatures vanquished.

Grand Total: 220 creatures vanquished

Notes
Turn   | Place    | Note
-------+----------+-------------------------------------------
     0 | D:1      | groovy9 the Troll Fighter began the quest for the Orb.
     0 | D:1      | Reached XP level 1. HP: 22/22 MP: 0/0
    59 | D:1      | Reached XP level 2. HP: 29/29 MP: 1/1
   134 | D:1      | Reached skill level 3 in Unarmed Combat
   779 | D:2      | Reached XP level 3. HP: 36/36 MP: 2/2
  1010 | D:2      | Reached skill level 4 in Unarmed Combat
  1080 | D:2      | Found Okhlocea's Book Boutique.
  1764 | D:3      | Reached XP level 4. HP: 44/44 MP: 3/3
  1887 | D:3      | Reached skill level 5 in Unarmed Combat
  1892 | D:3      | Reached XP level 5. HP: 35/50 MP: 4/4
  2201 | D:3      | Found Uqabried's Antique Weapon Emporium.
  2427 | D:3      | Found a sparkling altar of Nemelex Xobeh.
  2632 | D:4      | Reached skill level 6 in Unarmed Combat
  2637 | D:4      | Noticed Sigmund
  2652 | D:4      | Killed Sigmund
  2653 | D:4      | Reached skill level 7 in Unarmed Combat
  2653 | D:4      | Reached XP level 6. HP: 39/59 MP: 5/5
  2959 | D:4      | Noticed Grinder
  2973 | D:4      | Paralysed by Grinder for 3 turns
  2979 | D:4      | Paralysed by Grinder for 3 turns
  2991 | D:4      | Killed Grinder
  2992 | D:4      | Reached skill level 8 in Unarmed Combat
  2992 | D:4      | Reached XP level 7. HP: 21/66 MP: 6/6
  3120 | D:4      | Noticed Blork the orc
  3130 | D:4      | Killed Blork the orc
  3197 | D:4      | Found a runed translucent door.
  3202 | D:4      | Noticed Daunt's ghost (amateur MeBr)
  3325 | D:4      | Killed Daunt's ghost
  3326 | D:4      | Reached skill level 9 in Unarmed Combat
  3362 | D:5      | Entered Level 5 of the Dungeon
  3517 | D:5      | Reached XP level 8. HP: 74/74 MP: 7/7
  3618 | D:5      | Found an ancient bone altar of Kikubaaqudgha.
  3682 | D:5      | Found a glowing drain.
  3691 | Sewer    | Entered a sewer
  3822 | Sewer    | Reached skill level 10 in Unarmed Combat
  4491 | D:6      | Reached skill level 11 in Unarmed Combat
  4909 | D:6      | Reached XP level 9. HP: 80/80 MP: 8/8
  4919 | D:6      | Found a shadowy altar of Dithmenos.
  4920 | D:6      | Found a broken altar of Ashenzari.
  4920 | D:6      | Found an opulent altar of Gozag.
  4921 | D:6      | Found a bloodstained altar of Trog.
  4968 | D:6      | Reached skill level 12 in Unarmed Combat
  5254 | D:6      | Found a runed translucent door.
  5255 | D:6      | Noticed Crazy Yiuf
  5265 | D:6      | Killed Crazy Yiuf
  5845 | D:7      | Found a hide-covered altar of Uskayaw.
  5845 | D:7      | Found a shimmering altar of Xom.
  5896 | D:7      | Reached skill level 13 in Unarmed Combat
  5902 | D:7      | Found a staircase to the Ecumenical Temple.
  5957 | Temple   | Entered the Ecumenical Temple
  6082 | Temple   | Became a worshipper of the Wu Jian Council
  6700 | D:8      | Noticed a two-headed ogre
  6706 | D:8      | HP: 3/81 [two-headed ogre/+0 giant club (22)]
  6708 | D:8      | Demolished by a two-headed ogre

Illustrated notes

Levels and vault maps discovered:
D:1:      spicycebolla_arrival_ecumenical, layout_basic
D:2:      layout_loops_corners, serial_shops, nicolae_diamond_shop,
          corexii_shack
D:3:      minmay_skewed_foursquare, layout_basic, nemelex_diamond_rough_becter,
          serial_shops, nicolae_shop_stone
D:4:      layout_loops_ring, ebering_ghost_reflecting_pool,
          grunt_decor_fettered, uniq_sigmund, uniq_grinder, uniq_blork_the_orc
D:5:      layout_loops_ring, kiku_gazebo_garden_becter, portal_sewer_entry_a
D:6:      layout_cave_pools, chequers_temple_overflow_statue_of_worship,
          dreamdust_gnoll_farm, uniq_crazy_yiuf_cottage
D:7:      layout_loops_ring, amethyst_overflow_temple_binary, temple_hall
D:8:      layout_basic, zin_scriptorium, hangedman_decor_slide_cut
Temple:   hellmonk_temple_flake

Skill      XL: |  1  2  3  4  5  6  7  8  9 |
---------------+----------------------------+-----
Unarmed Combat | 3 4 5 7 8 9 11 13 | 13.3
Shields        | 3 |  3.4
Fighting       | 3 |  3.1
Dodging        | 3 |  3.0

Action                   |  1- 3 |  4- 6 |  7- 9 || total
-------------------------+-------+-------+-------++-------
Melee: Unarmed           |   104 |   126 |   378 ||   608
Throw: Javelin           |       |       |     5 ||     5
Invok: Lunge             |       |       |     7 ||     7
  Use: Scroll            |     6 |       |    11 ||    17
       Potion            |       |     1 |     4 ||     5
 Stab: Sleeping          |     1 |       |     1 ||     2
Armor: Robe              |    35 |    29 |    87 ||   151
Dodge: Dodged            |    32 |    22 |   112 ||   166
Block: Kite shield       |    40 |    23 |   138 ||   201
